 Dungeon Crawl Stone Soup version 0.31.0-11-ge490571c62 (webtiles) character file.

Game seed: 14896195676436952749

528 HeliumTrimp the Chiller (level 7, -1/37 HPs)
             Began as a Deep Elf Ice Elementalist on Feb 2, 2024.
             Slain by Menkaure (5 damage)
             ... on level 4 of the Dungeon.
             The game lasted 00:08:56 (2777 turns).

HeliumTrimp the Chiller (Deep Elf Ice Elementalist) Turns: 2777, Time: 00:08:57

Health: -1/37      AC:  3    Str:  5    XL:     7   Next: 3%
Magic:  12/14      EV: 12    Int: 22    God:
Gold:   176        SH:  0    Dex: 15    Spells: 3/13 levels left

rFire   + . .        p - +3 dagger (protect)
rCold   . . .        (no shield)
rNeg    . . .        a - +0 robe
rPois   .            q - +0 helmet
rElec   .            (no cloak)
rCorr   .            (no gloves)
SInv    .            (no boots)
Will    .....        l - amulet of magic regeneration
Stlth   ++           m - ring of protection from fire
HPRegen 0.26/turn    (no ring)
MPRegen 0.54/turn

%: no passive effects
@: no status effects
A: no striking features
a: no special abilities


You were on level 4 of the Dungeon.
You visited 1 branch of the dungeon, and saw 4 of its levels.

You collected 176 gold pieces.

Inventory:

Hand Weapons
 p - a +3 dagger of protection (weapon)
Armour
 a - a +0 robe (worn)
 j - a +0 cloak
 q - a +0 helmet (worn)
Jewellery
 d - a ring of fire
 l - an amulet of magic regeneration (around neck)
 m - a ring of protection from fire (left hand)
 v - a ring of flight
Scrolls
 c - a scroll of teleportation
 k - a scroll of identify
Potions
 b - a potion of magic
 e - a potion of heal wounds {unknown}
 f - a potion of curing
 g - a potion of attraction {unknown}
 h - a potion of mutation {unknown}
 i - a potion of brilliance {unknown}
 n - a potion of might {unknown}
 o - a potion of degeneration {unknown}
 r - a potion of enlightenment {unknown}
 t - a potion of berserk rage {unknown}
 u - a potion of lignification {unknown}


   Skills:
 + Level 0.7 Fighting
 + Level 0.8 Armour
 - Level 2.4 Dodging
 - Level 2.4 Stealth
 * Level 3.7 Spellcasting
 * Level 1.7 Conjurations
 - Level 3.3 Summonings
 + Level 7.7 Ice Magic


You had 3 spell levels left.
You knew the following spells:

 Your Spells              Type           Power      Damage    Failure   Level
a - Freeze                Ice            100%       1d10      1%          1
b - Frozen Ramparts       Ice            76%        1d12      1%          3
c - Summon Ice Beast      Ice/Summ       28%        N/A       3%          3
d - Hailstorm             Conj/Ice       25%        3d7       4%          3

Your spell library contained the following spells:

 Spells                   Type           Power      Damage    Failure   Level
 Ozocubu's Armour         Ice            38%        N/A       1%          3
 Call Imp                 Summ           36%        N/A       4%          2
 Magic Dart               Conj           44%        1d5       5%          1
 Blink                    Tloc           8%         N/A       17%         2


Dungeon Overview and Level Annotations

Branches:
Dungeon (4/15)
 Temple: D:4-7

Altars:

Annotations:
D:4 Menkaure


Message History

Menkaure is severely damaged.
Menkaure misses you.
Casting: Freeze (safe; 1% risk of failure)
Confirm with . or Enter, or press ? or * to list all spells.
Aiming: Freeze (safe; 1% risk of failure)
Press: ? - help, Shift-Dir - straight line, f/p - Menkaure
Aim: Menkaure (blue smoke, severely damaged, fast)
You freeze Menkaure.
Menkaure resists.
Menkaure is severely damaged.
Menkaure points at you and mumbles some strange words.
Pain shoots through your body!
* * * LOW HITPOINT WARNING * * *
Casting: Freeze (safe; 1% risk of failure)
Confirm with . or Enter, or press ? or * to list all spells.
Aiming: Freeze (safe; 1% risk of failure)
Press: ? - help, Shift-Dir - straight line, f/p - Menkaure
Aim: Menkaure (severely damaged, fast)
You freeze Menkaure.
Menkaure resists.
Menkaure is almost destroyed.
Menkaure points at you and mumbles some strange words.
Pain shoots through your body!
* * * LOW HITPOINT WARNING * * *
Casting: Freeze (safe; 1% risk of failure)
Confirm with . or Enter, or press ? or * to list all spells.
Aiming: Freeze (safe; 1% risk of failure)
Press: ? - help, Shift-Dir - straight line, f/p - Menkaure
Aim: Menkaure (almost destroyed, fast)
You freeze Menkaure but do no damage.
Menkaure completely resists.
Menkaure calls on the powers of darkness!
Your body is wracked with pain!
* * * LOW HITPOINT WARNING * * *
Casting: Freeze (safe; 1% risk of failure)
Confirm with . or Enter, or press ? or * to list all spells.
Aiming: Freeze (safe; 1% risk of failure)
Press: ? - help, Shift-Dir - straight line, f/p - Menkaure
Aim: Menkaure (almost destroyed, fast)
You freeze Menkaure.
Menkaure resists.
Menkaure is almost destroyed.
Menkaure hits you.
You die...

###########
#.........#
#...>.....#
#........(#
#.........# #####
#.........####....
####.........)....###
#........####.#####
.......##@...## #...
.......
#.M.....####.# #
......# #.......#
##.## # ......
.......$# #...####
...... ...!.#.##
#....#.. ....#
#.....#.# #.......
.... #.#...#.#
#......# #. #....#
#...#### .....###...#
#


You could see Menkaure (fast).

Vanquished Creatures
  Duvessa (D:4)
  An ogre (D:3)
  Dowan (D:4)
  Natasha (twice) (D:2)
  Robin (D:3)
  2 adders
  2 dart slugs (D:1)
  2 orcs
  2 endoplasms
  A giant cockroach (D:3)
  13 goblins
  12 hobgoblins
  6 jackals (D:2)
  5 kobolds
  4 quokkas (D:1)
  11 ball pythons
  3 bats
  4 frilled lizards
  7 rats
80 creatures vanquished.

Vanquished Creatures (collateral kills)
  An ice beast (D:4)
  A sleepcap (D:4)
  A dart slug (D:4)
3 creatures vanquished.

Grand Total: 83 creatures vanquished

Notes
Turn   | Place    | Note
-------+----------+-------------------------------------------
     0 | D:1      | HeliumTrimp the Deep Elf Ice Elementalist began the quest
                  | for the Orb.
     0 | D:1      | Reached XP level 1. HP: 10/10 MP: 6/6
    81 | D:1      | Reached XP level 2. HP: 12/15 MP: 1/8
   130 | D:1      | Reached skill level 5 in Ice Magic
   423 | D:1      | Reached XP level 3. HP: 19/19 MP: 4/9
   427 | D:1      | Learned a level 3 spell: Frozen Ramparts
   431 | D:1      | Learned a level 3 spell: Summon Ice Beast
   800 | D:2      | You fall into a shaft and drop 1 floor!
   978 | D:3      | Noticed Robin
   999 | D:3      | Killed Robin
  1000 | D:3      | Reached skill level 1 in Summonings
  1004 | D:3      | Reached XP level 4. HP: 18/24 MP: 8/10
  1129 | D:3      | Noticed an ogre
  1136 | D:3      | Killed an ogre
  1137 | D:3      | Reached skill level 6 in Ice Magic
  1137 | D:3      | Reached XP level 5. HP: 28/28 MP: 7/11
  1370 | D:2      | Noticed Natasha
  1387 | D:2      | Killed Natasha
  1585 | D:2      | Found a faded altar of an unknown god.
  1891 | D:2      | Noticed Natasha
  1902 | D:2      | Killed Natasha
  1903 | D:2      | Reached skill level 7 in Ice Magic
  2395 | D:4      | Noticed an ice beast
  2446 | D:4      | Learned a level 3 spell: Hailstorm
  2526 | D:4      | Killed an ice beast
  2527 | D:4      | Reached XP level 6. HP: 32/32 MP: 12/12
  2631 | D:4      | Noticed Duvessa
  2631 | D:4      | Noticed Dowan
  2647 | D:4      | Killed Dowan
  2648 | D:4      | Reached skill level 1 in Conjurations
  2654 | D:4      | Killed Duvessa
  2655 | D:4      | Reached XP level 7. HP: 4/37 MP: 6/14
  2756 | D:4      | Noticed Menkaure
  2777 | D:4      | Slain by Menkaure

Illustrated notes

Levels and vault maps discovered:
D:1:      minmay_arrival_pointy, layout_rooms, minmay_tromino_mix6
D:2:      layout_basic, basic_ecumenical_altar, uniq_natasha
D:3:      layout_loops_cross, serial_bayou_lagoon_a,
          chequers_serial_rivers_room_a, minmay_misc_feat_more_columns,
          uniq_robin
D:4:      layout_rooms, mainiacjoe_overflow_alcove_4, minmay_temple_entry_trees,
          serial_bayou_lake_a, uniq_menkaure, uniq_duvessa

Skill      XL: |  1  2  3  4  5  6 |
---------------+-------------------+-----
Ice Magic      | 5 6 7 |  7.7
Summonings     | 1 2 3 |  3.3
Conjurations   | 1 |  1.7
Fighting       | |  0.7
Armour         | |  0.8
Dodging        | |  2.4
Stealth        | |  2.4
Spellcasting   | |  3.7

Action                     |  1- 3 |  4- 6 |  7- 9 || total
---------------------------+-------+-------+-------++-------
  Melee: Whip              |    39 |       |       ||    39
         Short sword       |     3 |       |       ||     3
         Punch             |     1 |     1 |       ||     2
         Dagger            |       |   110 |       ||   110
   Cast: Freeze            |    45 |    13 |     5 ||    63
         Frozen Ramparts   |     2 |     8 |     1 ||    11
         Summon Ice Beast  |       |     7 |     1 ||     8
    Use: Scroll            |       |     9 |       ||     9
         Potion            |       |       |     1 ||     1
   Stab: Distracted        |     2 |       |       ||     2
         Sleeping          |     1 |     1 |       ||     2
 Armour: Robe              |    36 |    81 |     2 ||   119
  Dodge: Dodged            |    45 |    84 |     2 ||   131
